 Dungeon Crawl Stone Soup version 0.23.0-33-g5e6c059 (webtiles) character file.

Game seed: 13699360350182271635

293 misha the Poker (level 6, -7/49 HPs)
             Began as a Merfolk Berserker on Feb 26, 2019.
             Was a Believer of Trog.
             Killed by nerve-wracking pain
             ... invoked by an orc priest
              (12 damage)
             ... on level 4 of the Dungeon.
             The game lasted 00:09:36 (4218 turns).

misha the Poker (Merfolk Berserker)                 Turns: 4218, Time: 00:09:37

Health: -7/49      AC:  4    Str: 20    XL:     6   Next: 33%
Magic:  6/6        EV: 14    Int:  6    God:    Trog [**....]
Gold:   264        SH:  0    Dex: 13    Spells: 5/5 levels left

rFire    . . .     SeeInvis .   b - +1 dagger (venom)
rCold    . . .     Gourm    .   (no shield)
rNeg     . . .     Faith    .   m - +0 leather armour
rPois    .         Spirit   .   l - +0 helmet
rElec    .         Reflect  .   (no cloak)
rCorr    .         Harm     .   (no gloves)
MR       .....                  (no boots)
Stlth    ++........             (no amulet)
HPRegen  0.16/turn              (no ring)
MPRegen  0.10/turn              (no ring)

@: no status effects
A: change form in water, swift swim, stealthy swim
a: Berserk, Trog's Hand, Renounce Religion


You were on level 4 of the Dungeon.
You worshipped Trog.
Trog was pleased with you.
You were hungry.

You visited 1 branch of the dungeon, and saw 4 of its levels.

You collected 264 gold pieces.

Inventory:

Hand Weapons
 a - a +0 spear
 b - a +1 dagger of venom (weapon)
Missiles
 i - 44 sling bullets
 j - 91 stones (quivered)
Armour
 l - a +0 helmet (worn)
 m - a +0 leather armour (worn)
Jewellery
 r - an uncursed ring of magical power {unknown}
Wands
 o - a wand of paralysis (8)
Scrolls
 e - 2 scrolls of blinking {unknown}
 h - a scroll of teleportation {unknown}
 n - 2 scrolls of identify {unknown}
 p - a scroll of magic mapping {unknown}
 s - a scroll of remove curse {unknown}
 t - a scroll of enchant weapon {unknown}
 u - a scroll of amnesia {unknown}
Potions
 d - a potion of heal wounds {unknown}
 f - a potion of berserk rage {unknown}
 g - a potion of degeneration {unknown}
 k - a potion of invisibility {unknown}
 q - a potion of magic {unknown}
Comestibles
 c - 6 rations


   Skills:
 + Level 4.7 Fighting
 + Level 6.2 Polearms
 - Level 1.4 Armour
 + Level 4.7 Dodging
 + Level 3.4 Stealth


You had 5 spell levels left.
You didn't know any spells.
Your spell library was empty.

Dungeon Overview and Level Annotations

Branches:
Dungeon (4/15)
 Temple: D:4-7

Altars:
Cheibriados
Hepliaklqana


Message History

You hit the orc.
The orc looks as sick as possible!
The orc is moderately wounded.
The orc hits you with a +0 club.
* * * LOW HITPOINT WARNING * * *
You hit the orc.
The orc is heavily wounded.
The orc hits you with a +0 club.
* * * LOW HITPOINT WARNING * * *
You hit the orc.
The orc looks as sick as possible!
The orc is almost dead.
You kill the orc!
Trog accepts your kill.
You hit the orc priest.
The orc priest is poisoned.
The orc priest is lightly wounded.
The orc priest misses you.
You hit the orc priest but do no damage.
The orc priest is moderately wounded.
The orc priest invokes the aid of Beogh against you.
Pain shoots through your body!
You die...

## .# ## .#
########################. .#
#####........................
.####.....######################.
.........## # ## .##.......#
###.### .##.......# ####.......
..........# #.o@.#
.#.#.....#####.####
.#.............#####.#
##....................
##..........###.......
..........#... .o....$
####....#.###.......). # #.####.#
......... #. #.# .....o..


You could see an orc priest.

Vanquished Creatures
  Menkaure (D:4)
  Terence (D:2)
  Robin (D:2)
  4 adders
  2 worms (D:3)
  3 dart slugs
  A leopard gecko (D:2)
  5 orcs (D:4)
  3 ball pythons
  5 giant cockroaches
  12 goblins
  13 hobgoblins
  7 jackals
  2 quokkas
  3 bats
  3 frilled lizards (D:1)
  5 kobolds
  9 rats
80 creatures vanquished.

Notes
Turn   | Place    | Note
-------+----------+-------------------------------------------
     0 | D:1      | misha the Merfolk Berserker began the quest for the Orb.
     0 | D:1      | Reached XP level 1. HP: 18/18 MP: 1/1
   127 | D:1      | Reached XP level 2. HP: 13/24 MP: 2/2
   524 | D:1      | Reached skill level 1 in Stealth
   777 | D:1      | Reached XP level 3. HP: 29/29 MP: 3/3
   781 | D:1      | Found a snail-covered altar of Cheibriados.
  1159 | D:2      | Found a hazy altar of Hepliaklqana.
  1235 | D:2      | Reached skill level 5 in Polearms
  1302 | D:2      | Noticed Terence
  1333 | D:2      | Killed Terence
  1333 | D:2      | Reached XP level 4. HP: 35/37 MP: 4/4
  1397 | D:2      | Noticed Robin
  1418 | D:2      | Reached ** piety under Trog
  1737 | D:2      | Killed Robin
  2747 | D:3      | Reached XP level 5. HP: 33/42 MP: 5/5
  3644 | D:4      | Noticed Menkaure
  3794 | D:4      | Killed Menkaure
  3794 | D:4      | Reached skill level 6 in Polearms
  3794 | D:4      | Reached XP level 6. HP: 16/49 MP: 6/6
  4218 | D:4      | Killed from afar by an orc priest

Skill      XL: |  1  2  3  4  5 |
---------------+----------------+-----
Dodging        | 3 4 |  4.7
Stealth        | 1 2 3 |  3.4
Polearms       | 5 6 |  6.2
Fighting       | 4 |  4.7
Armour         | |  1.4

Action                   |  1- 3 |  4- 6 || total
-------------------------+-------+-------++-------
Melee: Spear             |    29 |       ||    29
       Dagger            |    47 |   171 ||   218
Invok: Berserk           |       |     1 ||     1
 Stab: Sleeping          |     2 |     2 ||     4
  Eat: Chunk             |     1 |     3 ||     4
       Ration            |       |     2 ||     2
Armor: Animal skin       |     5 |       ||     5
       Robe              |       |    10 ||    10
       Leather armour    |       |    14 ||    14
Dodge: Dodged            |    61 |   101 ||   162
